 Dungeon Crawl Stone Soup version 0.28.0 (webtiles) character file.

Game seed: 13359665712149781488

14 Dani the Sneak (level 2, -1/26 HPs)
             Began as a Hill Orc Delver on Feb 6, 2022.
             Was an Initiate of Ru.
             Slain by a hound (3 damage)
             ... on level 4 of the Dungeon.
             The game lasted 00:01:59 (226 turns).

Dani the Sneak (Hill Orc Delver)                     Turns: 226, Time: 00:02:00

Health: -1/26      AC:  3    Str: 14    XL:     2   Next: 41%
Magic:  2/2        EV: 11    Int: 10    God:    Ru [......]
Gold:   39         SH:  0    Dex: 12    Spells: 1/1 levels left

rFire   . . .      SeeInvis .   a - +0 hand axe
rCold   . . .      Faith    .   (no shield)
rNeg    . . .      Spirit   .   b - +0 leather armour
rPois   .          Reflect  .   (no helmet)
rElec   .          Harm     .   (no cloak)
rCorr   .          Rampage  .   (no gloves)
Will    .....                   (no boots)
Stlth   ++........              (no amulet)
HPRegen 0.08/turn               (no ring)
MPRegen 0.08/turn               (no ring)

@: no status effects
A: no striking features
a: Renounce Religion


You were on level 4 of the Dungeon.
You worshipped Ru.
Ru was noncommittal.
You visited 1 branch of the dungeon, and saw 3 of its levels.

You collected 39 gold pieces.

Inventory:

Hand Weapons
 a - a +0 hand axe (weapon)
Armour
 b - a +0 leather armour (worn)
Wands
 D - a wand of digging (3)
Scrolls
 c - a scroll of fog
 e - a scroll of fear
 M - a scroll of magic mapping


   Skills:
 - Level 3.6 Fighting
 + Level 4.0 Axes
 - Level 1.5 Dodging
 - Level 4.1 Stealth


You had one spell level left.
You didn't know any spells.
Your spell library was empty.

Dungeon Overview and Level Annotations

Branches:
Dungeon (5/15)
 Temple: D:4-7

Altars:
Ru


Message History

The adder is moderately wounded.
The adder bites you.
A hobgoblin comes into view.
You feel yourself speed up. The adder bites you.
* * * LOW HITPOINT WARNING * * *
The adder barely misses you.
You miss the adder.
The adder is moderately wounded.
The adder bites you.
* * * LOW HITPOINT WARNING * * *
You are poisoned.
The adder poisons you!
You hit the adder.
The adder is moderately wounded.
You feel sick. The adder bites you but does no damage.
You closely miss the adder.
The adder is moderately wounded.
You feel sick. The adder closely misses you.
The adder hisses angrily.
You hit the adder.
The adder is severely wounded.
You feel sick. The adder bites you.
* * * LOW HITPOINT WARNING * * *
You are lethally poisoned!
The adder poisons you!
It was a potion of heal wounds.
You feel much better.
You feel sick. The adder completely misses you.
An adder comes into view.
You hit the adder.
You kill the adder!
You feel sick.
A dart slug comes into view.
Your Axes skill increases to level 4!
You have reached level 2!
You see here a ball python corpse.
You feel sick.
You feel sick.
You feel sick.
You feel sick.
You are no longer poisoned.
There is a stone staircase leading down here.
You climb downwards.
There is a stone staircase leading up here.
You now have 39 gold pieces (gained 11).
Found a stone staircase leading up.
Found 4 poisoned darts.
There is a stone staircase leading up here.
A ball python comes into view.
Your extra speed is starting to run out.
A ball python is nearby!
The ball python hisses angrily.
You feel yourself slow down.
You closely miss the ball python.
The ball python bites you but does no damage.
The ball python grabs you. The ball python constricts you.
You hit the ball python.
You kill the ball python!
No target in view!
No target in view!
No target in view!
You start resting.
A hound is nearby!
A hound is nearby!
You hit the hound.
The hound is moderately wounded.
The hound bites you. The hound misses you.
You hit the hound.
The hound is heavily wounded.
The hound bites you.
* * * LOW HITPOINT WARNING * * *
The hound bites you.
* * * LOW HITPOINT WARNING * * *
You hit the hound but do no damage.
The hound is heavily wounded.
The hound bites you but does no damage.
You hit the hound but do no damage.
The hound is heavily wounded.
The hound bites you.
* * * LOW HITPOINT WARNING * * *
The hound bites you.
* * * LOW HITPOINT WARNING * * *
You are too injured to fight recklessly!
You are too injured to fight recklessly!
You are too injured to fight recklessly!
You are too injured to fight recklessly!
You hit the hound.
The hound is heavily wounded.
The hound closely misses you. The hound bites you.
* * * LOW HITPOINT WARNING * * *
You closely miss the hound.
The hound is heavily wounded.
The hound bites you.
* * * LOW HITPOINT WARNING * * *
You hit the hound.
The hound is almost dead.
The hound bites you.
* * * LOW HITPOINT WARNING * * *
The hound bites you.
You die...

#.....# #.#...##.#
#.#.# ......#
#.#...##.# #.#.#
......# #.#...##.#
#.#.# .######
#.######.# #.#.# .#
#.######.###.#.# .#
#.........<#.#.#
.###############.###.#
<...............h#
.......#########@#
.......+ #.# .......#
#.# .......# #.#
.......# #.# .......#
#.# ######## #(# ..#
#.#


You could see a hound.

Vanquished Creatures
  An adder (D:3)
  2 ball pythons
  A goblin (D:3)
4 creatures vanquished.

Notes
Turn   | Place    | Note
-------+----------+-------------------------------------------
     0 | D:5      | Dani the Hill Orc Delver began the quest for the Orb.
     0 | D:5      | Reached XP level 1. HP: 19/19 MP: 1/1
     7 | D:5      | Found a sacrificial altar of Ru.
    16 | D:5      | Became a worshipper of Ru the Awakened
   119 | D:4      | Noticed a hound
   142 | D:3      | Reached skill level 3 in Axes
   149 | D:3      | HP: 3/19 [adder (3)]
   152 | D:3      | Reached skill level 4 in Axes
   152 | D:3      | Reached XP level 2. HP: 23/26 MP: 2/2
   225 | D:4      | HP: 6/26 [hound (3)]
   226 | D:4      | HP: 2/26 [hound (4)]
   226 | D:4      | Slain by a hound

Illustrated notes

Levels and vault maps discovered:
D:3:      layout_loops_ring, mainiacjoe_overflow_six_doors_small,
          nicolae_hepliaklqana_hazy_memory, uniq_grinder
D:4:      layout_basic, serial_shops, shop
D:5:      layout_gridville, nicolae_ru_awakened_eye, serial_bayou,
          serial_bayou_lake_a, serial_bayou_ford_a, serial_bayou_pond_d,
          serial_bayou_shore_b

Skill      XL: |  1 |
---------------+----+-----
Axes           | 4 |  4.0
Fighting       | |  3.6
Dodging        | |  1.5
Stealth        | |  4.1

Action                   || total
-------------------------++-------
Melee: Hand axe          ||    18
  Use: Potion            ||     2
Armor: Leather armour    ||     3
Dodge: Dodged            ||     8

Table legend: (Time is in decaauts)
 A = Elapsed time spent in this place.
 B = Non-inter-level travel time spent in this place.
 C = Inter-level travel time spent in this place.
 D = Time resting spent in this place.
 E = Time spent auto-exploring this place.
 F = Levels seen in this place.
 G = Mean time per level.
                   A        B        C        D        E       F      G
               +--------+--------+--------+--------+--------+-----+--------+
         Total |    210 |    210 |      0 |     19 |     70 |   3 |   70.0 |
       Dungeon |    210 |    210 |      0 |     19 |     70 |   3 |   70.0 |
               +--------+--------+--------+--------+--------+-----+--------+

Top non-repeatable levels by time:
     D:4: 134 daAuts
     D:5: 43 daAuts
     D:3: 33 daAuts

Table legend:
 A = Kills in this place as a percentage of kills in entire the game.
 B = Kills by you in this place as a percentage of kills by you in the entire game.
 C = Kills by friends in this place as a percentage of kills by friends in the entire game.
 D = Other kills in this place as a percentage of other kills in the entire game.
 E = Experience gained in this place as a percentage of experience gained in the entire game.
 F = Experience gained in this place divided by the number of levels of this place that you have seen.
                   A       B       C       D       E      F
               +-------+-------+-------+-------+-------+----------------------
         Total | 100.0 | 100.0 |   N/A |   N/A | 100.0 |   6.7
       Dungeon | 100.0 | 100.0 |   N/A |   N/A | 100.0 |   6.7
               +-------+-------+-------+-------+-------+----------------------
